 Dungeon Crawl Stone Soup version 0.23.0-41-g86b089e62c (webtiles) character file.

Game seed: 13489184909252484889

214 Gargoyl the Skirmisher (level 5, -3/46 HPs)
             Began as a Centaur Abyssal Knight on Feb 28, 2019.
             Was a Believer of Lugonu.
             Slain by an ogre
             ... wielding a +0 giant club
              (10 damage)
             ... on level 5 of the Dungeon.
             The game lasted 00:05:09 (4353 turns).

Gargoyl the Skirmisher (Centaur Abyssal Knight)     Turns: 4353, Time: 00:05:10

Health: -3/46      AC: 12    Str: 14 (15) XL:     5   Next: 60%
Magic:  7/7        EV:  2    Int:  9 (11) God:    Lugonu [**....]
Gold:   233        SH:  0    Dex:  9      Spells: 4/4 levels left

rFire    + . .     SeeInvis .   a - +2 hand axe
rCold    . . .     Gourm    .   (no shield)
rNeg     + . .     Faith    .   i - +0 plate armour
rPois    .         Spirit   .   g - +0 helmet
rElec    .         Reflect  .   f - +0 cloak
rCorr    .         Harm     .   d - +0 pair of gloves
MR       .....                  (no barding)
Stlth    ..........             (no amulet)
HPRegen  0.15/turn              e - ring of positive energy
MPRegen  0.10/turn              b - ring of protection from fire

@: very quick
A: large, hooves 3, deformed body, deterioration 1, speed 2, tough skin 3
a: Depart the Abyss, Bend Space, Renounce Religion


You were on level 5 of the Dungeon.
You worshipped Lugonu.
Lugonu was pleased with you.
You were hungry.

You visited 1 branch of the dungeon, and saw 5 of its levels.
You visited the Abyss 1 time.

You collected 233 gold pieces.

Inventory:

Hand Weapons
 a - a +2 hand axe (weapon)
Armour
 d - a +0 pair of gloves (worn)
 f - a +0 cloak (worn)
 g - a +0 helmet (worn)
 i - a +0 plate armour (worn)
Jewellery
 b - a ring of protection from fire (right hand)
 e - a ring of positive energy (left hand)
Scrolls
 h - 4 scrolls of teleportation
 j - 3 scrolls of magic mapping
 m - a scroll of fear
 r - a scroll of identify
 s - 4 scrolls of remove curse
Potions
 k - a potion of lignification {unknown}
 l - 4 potions of invisibility {unknown}
 n - a potion of flight {unknown}
 o - a potion of degeneration {unknown}
 p - a potion of haste {unknown}
 q - 3 potions of curing {unknown}
 t - a potion of cancellation {unknown}
 w - a potion of ambrosia {unknown}
Comestibles
 c - 5 rations


   Skills:
 + Level 3.6 Fighting
 + Level 3.2 Axes
 * Level 2.5 Armour
 * Level 1.6 Dodging
 * Level 2.9 Invocations


You had 4 spell levels left.
You didn't know any spells.
Your spell library was empty.

Dungeon Overview and Level Annotations

Branches:
Dungeon (5/15)             Temple (0/1) D:4

Altars:
Dithmenos
Gozag
Nemelex Xobeh
Ru
Uskayaw
Yredelemnul


Innate Abilities, Weirdness & Mutations

You have hooves in place of feet.
Armour fits poorly on your strangely shaped body.
You cover ground very quickly.
You have extremely tough skin. (AC +3)
Your body sometimes deteriorates upon taking damage.


Message History

There is a stone staircase leading down here.
You start waiting.
Done waiting.
You climb downwards.
The ogre hits you with a +0 giant club!
Your body deteriorates!
You feel dopey.
There is a stone staircase leading up here.
You barely miss the ogre. Your kick misses the ogre.
The ogre hits you with a +0 giant club!
Your body deteriorates!
You feel dopey.
Your plate armour prevents you from hitting the ogre.
The ogre hits you with a +0 giant club!
* * * LOW HITPOINT WARNING * * *
Your body deteriorates!
You feel weakened.
You closely miss the ogre. The ogre hits you with a +0 giant club.
* * * LOW HITPOINT WARNING * * *
Your plate armour prevents you from hitting the ogre.
You kick the ogre!
The ogre is moderately wounded.
The ogre hits you with a +0 giant club!
You die...

...............
...............
#..............
#..............
#..............
#............
#............
#....@.......
........O......
...#...........
# #...........
..........###
.............
...............
...............


You could see an ogre.

Vanquished Creatures
  An iguana (D:4)
  An orc wizard (D:3)
  A worker ant (D:4)
  3 adders
  An ooze (D:2)
  3 worms
  2 dart slugs
  7 leopard geckos
  7 orcs
  3 giant cockroaches
  7 goblins
  8 hobgoblins
  7 jackals
  10 kobolds
  A ball python (D:2)
  5 bats
  4 frilled lizards
  6 rats
77 creatures vanquished.

Notes
Turn   | Place    | Note
-------+----------+-------------------------------------------
     0 | Abyss:1  | Gargoyl the Centaur Abyssal Knight began the quest for the
                  | Orb.
     0 | Abyss:1  | Reached XP level 1. HP: 19/19 MP: 2/2
    72 | Abyss:1  | Noticed a starcursed mass
    88 | Abyss:1  | Noticed a storm dragon simulacrum
    89 | Abyss:1  | Noticed a neqoxec
    90 | Abyss:1  | Gained mutation: Your body sometimes deteriorates upon
                  | taking damage. [a neqoxec]
   100 | Abyss:1  | Noticed a quasit
   149 | Abyss:2  | Noticed a small abomination
   194 | Abyss:3  | Noticed a shadow
   204 | D:1      | Escaped the Abyss
   311 | D:1      | Reached * piety under Lugonu
   392 | D:1      | Reached XP level 2. HP: 19/26 MP: 3/3
   638 | D:1      | Reached skill level 1 in Dodging
   821 | D:1      | Reached XP level 3. HP: 24/31 MP: 4/4
  1117 | D:2      | Found a sacrificial altar of Ru.
  2605 | D:3      | Reached XP level 4. HP: 38/38 MP: 5/5
  2719 | D:3      | Found a faded altar of an unknown god.
  2861 | D:3      | Reached ** piety under Lugonu
  3198 | D:3      | Found a basalt altar of Yredelemnul.
  3391 | D:3      | Found a hide-covered altar of Uskayaw.
  3560 | D:4      | Reached XP level 5. HP: 26/45 MP: 5/7
  3597 | D:4      | Found an opulent altar of Gozag.
  3602 | D:4      | Got a warped robe
  3613 | D:4      | Identified the +1 robe of Ziusiqas {rElec MR+} (You found
                  | it on level 4 of the Dungeon)
  3683 | D:4      | Found a sparkling altar of Nemelex Xobeh.
  3698 | D:4      | Found a shadowy altar of Dithmenos.
  4008 | D:4      | Found a staircase to the Ecumenical Temple.
  4230 | D:5      | Entered Level 5 of the Dungeon
  4230 | D:5      | Noticed an ogre
  4353 | D:5      | Slain by an ogre

Skill      XL: |  1  2  3  4 |
---------------+-------------+-----
Axes           | 2 3 |  3.2
Dodging        | 1 |  1.6
Armour         | 2 |  2.5
Fighting       | |  3.6
Invocations    | |  2.9

Action                   |  1- 3 |  4- 6 || total
-------------------------+-------+-------++-------
Melee: Hand axe          |   114 |   112 ||   226
       Kick              |    15 |    20 ||    35
Invok: Depart the Abyss  |     1 |       ||     1
  Use: Scroll            |     5 |     4 ||     9
       Potion            |     1 |       ||     1
  Eat: Chunk             |     2 |     5 ||     7
Armor: Plate armour      |    52 |    71 ||   123
       Leather armour    |     2 |       ||     2
       Chain mail        |    43 |    32 ||    75
Dodge: Dodged            |    14 |    29 ||    43
